 Dungeon Crawl Stone Soup version 0.25-a0-426-g7d9e569eea (webtiles) character file.

Game seed: 4224412386362907874, levelgen mode: deterministic

15098 Eurus the Thaumaturge (level 11, -4/77 HPs)
             Began as a Mummy Conjurer on Jan 25, 2020.
             Was a Believer of Ashenzari.
             Slain by an eight-headed hydra (7 damage)
             ... on level 1 of the Lair of Beasts.
             The game lasted 01:29:29 (25071 turns).

Eurus the Thaumaturge (Mummy Conjurer)             Turns: 25071, Time: 01:29:30

Health: -4/77      AC:  8    Str: 18    XL:     11   Next: 97%
Magic:  16/24      EV: 14    Int: 17    God:    Ashenzari [**....]
Gold:   2513       SH: 11    Dex: 13    Spells: 15/28 levels left

rFire    x . .     SeeInvis +   a - staff of air (curse)
rCold    + + .     Gourm    .   r - +1 buckler {rC+} (curse)
rNeg     + + +     Faith    .   s - +1 troll leather armour
rPois    ∞         Spirit   .   A - +0 hat
rElec    +         Reflect  +   (no cloak)
rCorr    .         Harm     .   y - +0 pair of gloves
MR       +....                  h - +0 pair of boots
Stlth    ++........             v - +5 amulet of reflection (curse)
HPRegen  0.62/turn              w - ring of see invisible
MPRegen  0.19/turn              e - +6 ring of strength (curse)

@: about to teleport
A: no food or potions, fire vulnerability, cold resistance 1, negative energy
resistance 3, torment resistance, unbreathing
a: Curse Item, Scrying, Renounce Religion


You were on level 1 of the Lair of Beasts.
You worshipped Ashenzari.
Ashenzari was pleased with you.
You were not hungry.

You visited 3 branches of the dungeon, and saw 15 of its levels.
You also visited: Sewer and Ossuary.

You collected 3229 gold pieces.
You spent 716 gold pieces at shops.

Inventory:

Armour
 h - a +0 pair of boots (worn)
 r - a cursed +1 buckler of cold resistance (worn)
 s - a +1 troll leather armour (worn)
 y - a +0 pair of gloves (worn)
 A - a +0 hat (worn)
Magical Staves
 a - a cursed staff of air (weapon)
Jewellery
 d - a +2 ring of intelligence
 e - a cursed +6 ring of strength (right hand)
 l - a +3 ring of slaying
 q - an uncursed ring of resist corrosion
 v - a cursed +5 amulet of reflection (around neck)
 w - a ring of see invisible (left hand)
Wands
 g - a wand of scattershot (6)
 j - a wand of polymorph (20)
 k - a wand of digging (5)
 o - a wand of random effects (23)
 t - a wand of enslavement (5)
 u - a wand of paralysis (9)
 x - a wand of iceblast (6)
Scrolls
 b - 3 scrolls of identify
 f - 6 scrolls of teleportation
 i - 2 scrolls of blinking
 n - a scroll of amnesia
 z - a scroll of remove curse
Miscellaneous
 c - a crystal ball of energy
 m - a phantom mirror
 p - a lamp of fire


   Skills:
 - Level 4.1 Fighting
 + Level 8.2(9.7) Staves
 - Level 4.0 Armour
 - Level 4.7 Dodging
 - Level 1.5 Stealth
 - Level 2.7(4.0) Shields
 - Level 9.0 Spellcasting
 - Level 7.2(8.7) Conjurations
 + Level 4.7(6.1) Translocations
 + Level 4.4(5.8) Air Magic
 - Level 4.3(6.5) Evocations


You had 15 spell levels left.
You knew the following spells:

 Your Spells              Type           Power        Failure   Level  Hunger
a - Magic Dart            Conj           ####         1%          1    N/A
b - Searing Ray           Conj           #####.       1%          2    N/A
c - Iskenderun's Mystic   Conj/Tloc      ####....     5%          4    N/A
d - Static Discharge      Conj/Air       #####...     1%          3    N/A
e - Gell's Gravitas       Tloc           ####......   2%          3    N/A

Your spell library contained the following spells:

 Spells                   Type           Power        Failure   Level  Hunger
 Shock                    Conj/Air       ####         1%          1    N/A
 Swiftness                Chrm/Air       ####....     4%          2    N/A
 Dazzling Flash           Conj/Hex       ###...       5%          3    N/A
 Airstrike                Air            #####.....   10%         4    N/A
 Lightning Bolt           Conj/Air       #####.....   16%         5    N/A
 Fulminant Prism          Conj/Hex       ###.......   19%         4    N/A
 Confusing Touch          Hex            #.......     30%         3    N/A
 Petrify                  Tmut/Erth      #.......     71%         4    N/A
 Metabolic Englaciation   Hex/Ice        #.........   96%         5    N/A
 Yara's Violent Unravell  Hex/Tmut       #.........   96%         5    N/A

Dungeon Overview and Level Annotations

Branches:
Dungeon (12/15)            Temple (0/1) D:5            Lair (1/6) D:9
    Orc (2/2) D:9           Sewer (visited)         Ossuary (visited)
    Elf: Orc:2

Altars:
Ashenzari
Cheibriados
Elyvilon
Qazlal
Sif Muna
Vehumet
Wu Jian
Zin
Beogh

Shops:
D:4 =   D:6 [   D:7 [   D:9 %[   D:10 (

Annotations:
D:9 3 runed translucent doors, exclusion: statue


Innate Abilities, Weirdness & Mutations

You do not eat or drink.
Your flesh is vulnerable to fire.
You are immune to poison.
Your flesh is cold resistant. (rC+)
You are immune to negative energy. (rN+++)
You are immune to unholy pain and torment.
You can survive without breathing.


Message History

Aim: an eight-headed hydra (moderately wounded)
The searing ray hits the eight-headed hydra!
The eight-headed hydra is heavily wounded. (Press . to maintain the ray.)
You block the eight-headed hydra's attack.
The eight-headed hydra bites you. The eight-headed hydra bites you!
The eight-headed hydra closely misses you.
You block the eight-headed hydra's attack.
The eight-headed hydra closely misses you.
The eight-headed hydra bites you!
* * * LOW HITPOINT WARNING * * *
The eight-headed hydra completely misses you.
As you read the scroll of teleportation, it crumbles to dust.
You feel strangely unstable. The eight-headed hydra bites you!
* * * LOW HITPOINT WARNING * * *
You block the eight-headed hydra's attack. x2
The eight-headed hydra barely misses you. x2
The eight-headed hydra bites you but does no damage.
The eight-headed hydra bites you!
You die...

### #.PP###.##P...# ,
..# #.............#
..# ####.#..####.P# *
#.# #.##.# #..#
..######.##.# *#.#
..........#.## #.#
>.##.##.###..# #.#
######### #.## #D# #
#.# #@# # #.# #.#
########.# ##.# * ,
####..#.#.#.###..# ,
#................# **
...........###.......#
,* *,* #.########P#
#.###...#* #.# ###
###* ...# #.## * *
.!#* * *


You could see an eight-headed hydra.

Vanquished Creatures
  A hydra (Lair:1)
  3 two-headed ogres
  Joseph (D:8)
  4 naga magi (D:11)
  A kobold demonologist (D:9)
  A komodo dragon (D:9)
  2 trolls
  A hippogriff (D:8)
  Grinder (D:5)
  A hornet (D:10)
  Sigmund (D:3)
  The ghost of PeterQ the Slasher, an amateur VSMo (D:3)
  Eustachio (D:5)
  A human (D:7)
  4 hogs (D:7)
  3 wyverns
  A hungry ghost (D:7)
  2 wargs
  Edmund (D:5)
  An acid dragon (D:11)
  2 water moccasins
  3 ice beasts
  A porcupine (Lair:1)
  A black bear (D:9)
  2 orc warriors
  A necrophage (D:9)
  2 sky beasts
  7 ogres
  A phantom (D:7)
  4 centaurs
  A crocodile (D:8)
  14 big kobolds
  7 bullfrogs
  A wyvern zombie (D:8)
  5 scorpions
  8 killer bees
  4 wights (D:9)
  6 howler monkeys
  A crimson imp (D:9)
  4 centaur zombies
  6 hounds
  3 jellies
  A human zombie (Ossuary)
  6 iguanas
  8 orc priests
  2 bullfrog skeletons
  A centaur skeleton (D:5)
  Ijyb (D:5)
  9 orc wizards
  12 worker ants
  2 big kobold zombies (Ossuary)
  2 hound zombies
  2 mummies (Ossuary)
  7 gnolls
  16 adders
  5 shadow imps
  5 oozes
  2 adder skeletons
  9 worms
  2 dart slugs (D:1)
  7 leopard geckos
  45 orcs
  5 ball pythons
  16 giant cockroaches
  3 gnoll zombies (Ossuary)
  7 goblins
  5 hobgoblins
  21 jackals
  21 kobolds
  7 quokkas
  15 bats
  5 frilled lizards
  A giant cockroach zombie (D:6)
  3 hobgoblin zombies (Ossuary)
  3 orc zombies (Ossuary)
  8 rats
380 creatures vanquished.

Vanquished Creatures (others)
  3 centaurs
  An orc (Orc:2)
  A kobold (Orc:1)
  8 plants
13 creatures vanquished.

Grand Total: 393 creatures vanquished

Notes
Turn   | Place    | Note
-------+----------+-------------------------------------------
     0 | D:1      | Eurus the Mummy Conjurer began the quest for the Orb.
     0 | D:1      | Reached XP level 1. HP: 13/13 MP: 4/4
   375 | D:1      | Reached skill level 3 in Spellcasting
   523 | D:1      | Reached XP level 2. HP: 8/19 MP: 0/6
   533 | D:1      | Learned a level 2 spell: Searing Ray
  1537 | D:1      | Reached XP level 3. HP: 24/24 MP: 4/7
  2328 | D:2      | Reached XP level 4. HP: 30/30 MP: 0/9
  2980 | D:2      | Reached skill level 4 in Spellcasting
  3020 | D:3      | Found a runed translucent door.
  3020 | D:3      | Noticed PeterQ's ghost (amateur VSMo)
  3031 | D:3      | Reached skill level 1 in Staves
  3156 | D:3      | Reached XP level 5. HP: 35/35 MP: 7/11
  3271 | D:3      | Noticed Sigmund
  3469 | D:3      | Found an ornate altar of the Wu Jian Council.
  3659 | D:3      | Reached XP level 6. HP: 41/41 MP: 1/13
  3866 | D:3      | Found a faded altar of an unknown god.
  4602 | D:4      | Reached skill level 5 in Spellcasting
  4839 | D:4      | Reached XP level 7. HP: 46/46 MP: 7/14
  4925 | D:4      | Found a glowing drain.
  4968 | Sewer    | Entered a sewer
  6382 | D:4      | Found Ihaet's Jewellery Shoppe.
  6908 | D:5      | Entered Level 5 of the Dungeon
  7252 | D:5      | Noticed Grinder
  7257 | D:5      | Paralysed by Grinder for 7 turns
  7287 | D:5      | Paralysed by Grinder for 5 turns
  7292 | D:5      | Killed Grinder
  7502 | D:5      | Reached skill level 6 in Spellcasting
  7502 | D:5      | Reached XP level 8. HP: 43/52 MP: 12/17
  7558 | D:5      | Noticed Edmund
  7662 | D:5      | Noticed Ijyb
  7668 | D:5      | Noticed Eustachio
  7669 | D:5      | Killed Ijyb
  7669 | D:5      | Reached skill level 5 in Conjurations
  7720 | D:5      | Killed Eustachio
  7829 | D:5      | Found a white marble altar of Elyvilon.
  7829 | D:5      | Found a stormy altar of Qazlal.
  7830 | D:5      | Found a shimmering blue altar of Sif Muna.
  7910 | D:5      | Found a shattered altar of Ashenzari.
  7922 | D:5      | Became a worshipper of Ashenzari the Shackled
  8265 | D:5      | Found a staircase to the Ecumenical Temple.
  8407 | D:5      | Killed Edmund
  8864 | D:6      | Reached skill level 5 in Staves
  9574 | D:6      | Found Owacer's Armour Shop.
  9804 | D:6      | Reached skill level 7 in Spellcasting
  9837 | D:6      | Learned a level 4 spell: Iskenderun's Mystic Blast
 10261 | D:6      | Reached XP level 9. HP: 58/58 MP: 9/19
 10619 | D:7      | Reached * piety under Ashenzari
 10723 | D:7      | Found a sand-covered staircase.
 10727 | Ossuary  | Entered an ossuary
 10996 | Ossuary  | Reached skill level 1 in Fighting
 11781 | D:7      | Reached skill level 1 in Translocations
 11889 | D:7      | Reached skill level 1 in Evocations
 12314 | D:7      | Found Anull's Armour Shop.
 12363 | D:7      | Found a snail-covered altar of Cheibriados.
 12641 | D:7      | Noticed a cyclops
 13393 | D:7      | Reached skill level 8 in Spellcasting
 14189 | D:8      | Reached XP level 10. HP: 59/69 MP: 16/22
 14226 | D:8      | Noticed a five-headed hydra
 14452 | D:3      | Killed PeterQ's ghost
 14826 | D:3      | Learned a level 3 spell: Static Discharge
 15121 | D:3      | Killed Sigmund
 15370 | D:7      | Bought a +1 buckler of cold resistance for 181 gold pieces
 15673 | D:8      | Noticed Joseph
 16278 | D:8      | Reached skill level 1 in Air Magic
 16315 | D:8      | Found a glowing silver altar of Zin.
 16777 | D:8      | Killed Joseph
 16777 | D:8      | Reached skill level 1 in Shields
 17363 | D:9      | Found Joott's Armour Boutique.
 17364 | D:9      | Found a staircase to the Orcish Mines.
 17550 | D:9      | Found a radiant altar of Vehumet.
 17767 | D:9      | Found a runed translucent gate.
 17768 | D:9      | Found a runed translucent gate.
 17768 | D:9      | Found a runed translucent gate.
 17769 | D:9      | Noticed a brown ugly thing
 17769 | D:9      | Noticed a brown ugly thing
 17769 | D:9      | Noticed a brown ugly thing
 17770 | D:9      | Noticed a purple ugly thing
 17770 | D:9      | Noticed a red ugly thing
 17770 | D:9      | Noticed a white ugly thing
 17770 | D:9      | Noticed a glowing orange brain
 17883 | D:9      | Found Tobb's Food Emporium.
 17930 | D:9      | Found a stormy altar of Qazlal.
 18221 | D:9      | Noticed a two-headed ogre
 18356 | D:4      | Bought a +5 amulet of reflection for 535 gold pieces
 18518 | D:9      | Found a staircase to the Lair.
 18544 | D:9      | Reached skill level 1 in Armour
 18835 | D:9      | Found a runed translucent door.
 18836 | D:9      | Found a runed translucent door.
 19059 | D:10     | Entered Level 10 of the Dungeon
 19059 | D:10     | Noticed a two-headed ogre
 19216 | D:10     | Reached skill level 9 in Spellcasting
 19556 | D:10     | Identified a scroll of acquirement
 19692 | D:10     | Reached XP level 11. HP: 66/77 MP: 11/24
 20000 | D:10     | Found Votohoq's Weapon Shoppe.
 20333 | D:10     | Noticed a two-headed ogre
 20897 | D:9      | Killed a two-headed ogre
 21026 | Lair:1   | Entered Level 1 of the Lair of Beasts
 21092 | Lair:1   | Reached ** piety under Ashenzari
 21108 | Lair:1   | Noticed a five-headed hydra
 21157 | Orc:1    | Entered Level 1 of the Orcish Mines
 21298 | Orc:1    | Learned a level 3 spell: Gell's Gravitas
 21848 | D:9      | Killed a two-headed ogre
 22032 | Orc:1    | Found a roughly hewn altar of Beogh.
 22561 | Orc:2    | Entered Level 2 of the Orcish Mines
 22805 | Orc:2    | Noticed an orc knight
 23185 | D:11     | Identified the cursed amulet of Luugoukygu {RegenMP rPois
                  | rC- MR++} (You acquired it on level 11 of the Dungeon)
 23319 | D:11     | Noticed a skeletal warrior
 23319 | D:11     | Noticed a skeletal warrior
 23575 | D:11     | Noticed a two-headed ogre
 23602 | D:11     | Killed a two-headed ogre
 24407 | D:11     | Noticed a vampire mage
 24701 | D:12     | Noticed a centaur warrior
 24861 | Lair:1   | Killed a five-headed hydra
 25059 | Lair:1   | Noticed an eight-headed hydra
 25071 | Lair:1   | HP: 3/77 [eight-headed hydra (12)]
 25071 | Lair:1   | Slain by an eight-headed hydra

Levels and vault maps discovered:
D:1:      dpeg_arrival_erosion, layout_loops_cross
D:2:      layout_rooms
D:3:      layout_loops_ring, lemuel_coloured_pillars_altar,
          chequers_ecumenical_altar_island, hellmonk_ghost_happy_afterlife,
          chequers_jeans, uniq_sigmund
D:4:      layout_layer_cave, portal_sewer_entry_f, first_ration,
          minmay_shop_enchanted_jewellery, lemuel_old_faithful
D:5:      layout_loops_cross, gammafunk_temple_overflow_claw,
          minmay_temple_entry_nine_rooms, ashenzari_altar_1, uniq_grinder,
          uniq_ijyb, uniq_eustachio, uniq_edmund
D:6:      layout_cave_pods, serial_shops, shop
D:7:      minmay_the_grid_four_pointed_star
          [minmay_the_grid_triangle_9x9_limited_checkers,
          minmay_the_grid_triangle_9x9_dagger,
          minmay_the_grid_triangle_9x9_minimal,
          minmay_the_grid_triangle_9x9_wacky_v,
          minmay_the_grid_prize_four_corners_diamond_b], layout_basic,
          lemuel_doored_altar, nicolae_ossuary_entry_plus, serial_shops,
          nicolae_shop_competitors_out_of_business, grunt_livestock
D:8:      layout_rooms, zin_scriptorium, minivault_19, uniq_joseph
D:9:      lemuel_insect_pit, layout_rooms, vehumet_statue, david_lair_shrubbed,
          orc_david_3, serial_shops, nicolae_shop_stone,
          ploomutoo_gammafunk_ghost_potion_laboratory,
          nicolae_qazlal_style_of_elements
D:10:     layout_small_grid, serial_shops, shop
D:11:     evilmike_library_of_no_secrets, layout_loops_corners,
          item_on_display_a
D:12:     layout_roguey, serial_bayou_pond_e
Lair:1:   layout_loops_ring, serial_bayou_pond_e
Orc:1:    layout_diamond_mine, special_room [special_room_kobold], mines1_david
Orc:2:    st_orc_elflike, layout_diamond_mine, serial_shops,
          nicolae_shop_statue_plus, abandoned_shop

Skill      XL: |  1  2  3  4  5  6  7  8  9 10 11 |
---------------+----------------------------------+-----
Spellcasting   | 3 4 5 6 7 8 9 |  9.0
Dodging        | 2 3 4 |  4.7
Staves         | 1 2 4 5 6 7 8 |  8.2
Conjurations   | 4 5 6 7 |  7.2
Fighting       | 2 4 |  4.1
Translocations | 2 3 4 |  4.7
Evocations     | 2 3 4 |  4.3
Air Magic      | 2 4 |  4.4
Shields        | 2 |  2.7
Armour         | 1 4 |  4.0
Stealth        | |  1.5

Action                   |  1- 3 |  4- 6 |  7- 9 | 10-12 || total
-------------------------+-------+-------+-------+-------++-------
Melee: Short sword       |    26 |       |       |       ||    26
       Dagger            |    21 |       |       |       ||    21
       Quarterstaff      |    14 |    76 |   153 |       ||   243
       Staff             |       |       |       |   178 ||   178
 Cast: Magic Dart        |    58 |    50 |   154 |   182 ||   444
       Searing Ray       |     5 |    21 |    71 |   118 ||   215
       Static Discharge  |       |       |       |     3 ||     3
Invok: Curse Item        |       |       |     1 |     3 ||     4
  Use: Scroll            |       |     5 |    11 |    10 ||    26
 Stab: Sleeping          |     2 |       |     5 |       ||     7
Armor: Robe              |    14 |    14 |    54 |    18 ||   100
       Troll leather arm |       |       |       |    60 ||    60
Dodge: Dodged            |    45 |    61 |   193 |   177 ||   476
Block: Buckler           |       |       |       |   166 ||   166
       Reflection        |       |       |       |    23 ||    23

Table legend:
 A = Non-vault XP
 B = Vault XP
 C = Vault XP percentage of total XP
 D = Non-vault monster count
 E = Vault monster count
 F = Vault count percentage of total count
                 A         B        C        D         E       F
            +---------+---------+-------+---------+---------+-------
      Total |   13863 |    7706 |  35.7 |     280 |     105 |  27.3
            +---------+---------+-------+---------+---------+-------
        D:1 |      42 |       0 |   0.0 |      24 |       0 |   0.0
        D:2 |     109 |       0 |   0.0 |      35 |       0 |   0.0
        D:3 |     347 |     449 |  56.4 |      40 |       2 |   4.8
        D:4 |     422 |      11 |   2.5 |      13 |       5 |  27.8
        D:5 |     408 |     676 |  62.4 |      11 |       4 |  26.7
        D:6 |     767 |     187 |  19.6 |      25 |       1 |   3.8
        D:7 |    1116 |    1419 |  56.0 |      21 |      12 |  36.4
        D:8 |    1008 |     481 |  32.3 |      14 |       1 |   6.7
        D:9 |    3760 |    1420 |  27.4 |      38 |      19 |  33.3
       D:10 |    2247 |       0 |   0.0 |      31 |       0 |   0.0
       D:11 |    1908 |    1843 |  49.1 |      13 |       6 |  31.6
     Lair:1 |    1099 |       0 |   0.0 |       2 |       0 |   0.0
      Orc:1 |     458 |     902 |  66.3 |      10 |      13 |  56.5
      Orc:2 |     172 |       0 |   0.0 |       3 |       0 |   0.0
      Sewer |       0 |      79 | 100.0 |       0 |      26 | 100.0
    Ossuary |       0 |     239 | 100.0 |       0 |      16 | 100.0
            +---------+---------+-------+---------+---------+-------
